 Dungeon Crawl Stone Soup version 0.31-a0-133-gaae7365 (webtiles) character file.

Game seed: 10667658826095439352

49 senlim the Charlatan (level 3, 0/26 HPs)
             Began as a Demonspawn Artificer on June 2, 2023.
             Succumbed to an adder's poison
             ... on level 3 of the Dungeon.
             The game lasted 00:03:26 (1439 turns).

senlim the Charlatan (Demonspawn Artificer)         Turns: 1439, Time: 00:03:26

Health: 0/26       AC:  3    Str: 11 (12) XL:     3   Next: 51%
Magic:  3/3        EV: 11    Int:  9 (12) God:
Gold:   60         SH:  0    Dex: 14 (15) Spells: 2/2 levels left

rFire   . . .        a - +0 club
rCold   . . .        (no shield)
rNeg    + . .        b - +0 leather armour
rPois   .            (no helmet)
rElec   .            (no cloak)
rCorr   .            (no gloves)
SInv    .            (no boots)
Will    .....        f - amulet of guardian spirit
Stlth   ++           g - ring of positive energy
HPRegen 0.24/turn    h - +4 ring of slaying
MPRegen 0.08/turn

%: guardian spirit
@: mighty, brilliant, lethally poisoned (0 -> -1)
A: demonic magic 1
a: no special abilities


You were on level 3 of the Dungeon.
You visited 1 branch of the dungeon, and saw 3 of its levels.

You collected 60 gold pieces.

Inventory:

Hand Weapons
 a - a +0 club (weapon)
Armour
 b - a +0 leather armour (worn)
Jewellery
 f - an amulet of guardian spirit (around neck)
 g - a ring of positive energy (left hand)
 h - a +4 ring of slaying (right hand)
 i - a ring of fire
Wands
 c - a wand of flame (4)
 d - a wand of charming (13)
 e - a wand of iceblast (5)
Scrolls
 k - a scroll of teleportation {unknown}
 l - a scroll of blinking {unknown}
 m - a scroll of enchant armour {unknown}
 p - 2 scrolls of amnesia {unknown}
 q - a scroll of immolation {unknown}
 r - 2 scrolls of identify {unknown}
Potions
 o - a potion of might


   Skills:
 + Level 1.6 Fighting
 + Level 2.2 Armour
 + Level 1.5 Dodging
 + Level 1.6 Stealth
 + Level 3.3 Evocations


You had 2 spell levels left.
You didn't know any spells.
Your spell library was empty.

Dungeon Overview and Level Annotations

Branches:
Dungeon (3/15)

Altars:


Innate Abilities, Weirdness & Mutations

Spells you cast may paralyse adjacent enemies.


Message History

Found a stone staircase leading down.
There is a stone staircase leading down here.
You open the door.
There is an open door here.
There is an open door here.
Found a stone staircase leading down.
A frilled lizard and a hobgoblin come into view.
There are monsters nearby!
The hobgoblin closely misses you.
You hit the hobgoblin.
You kill the hobgoblin!
The frilled lizard hisses angrily.
The frilled lizard barely misses you.
You hit the frilled lizard.
You kill the frilled lizard!
No target in view!
No target in view!
No target in view!
You see here a frilled lizard corpse.
An endoplasm comes into view.
An endoplasm is nearby!
Found a fuming green potion and a leather armour.
You hit the endoplasm but do no damage. The endoplasm closely misses you.
The endoplasm hits you but does no damage.
You hit the endoplasm.
The endoplasm is heavily wounded.
The endoplasm freezes you.
You are frozen.
You hit the endoplasm.
The endoplasm is almost dead.
The endoplasm freezes you.
You are frozen.
You sock the endoplasm!
You kill the endoplasm!
No target in view!
No target in view!
A kobold comes into view. It is wielding a +0 club.
Found 11 gold pieces.
The kobold shouts!
A kobold is nearby!
A kobold is nearby!
Found a leather armour.
The kobold throws a stone.
The stone hits you.
The kobold throws a stone.
The stone hits you. The kobold closely misses you.
You barely miss the kobold. The kobold barely misses you.
You barely miss the kobold. Your punch misses the kobold.
The kobold misses you.
You barely miss the kobold. The kobold barely misses you. x2
You hit the kobold.
You kill the kobold!
No target in view!
No target in view!
j - a fuming green potion You now have 26 gold pieces (gained 11).
You open the door.
A hobgoblin comes into view.
Found 9 gold pieces.
The hobgoblin shouts!
There is an open door here.
A hobgoblin is nearby!
The hobgoblin hits you but does no damage.
You closely miss the hobgoblin. The hobgoblin completely misses you.
You closely miss the hobgoblin. The hobgoblin closely misses you.
You barely miss the hobgoblin. The hobgoblin barely misses you. x2
You sock the hobgoblin!
You kill the hobgoblin!
No target in view!
No target in view!
You now have 35 gold pieces (gained 9).
k - a scroll labelled KARAHUT BAVIOL
There is an empty arch of ancient stone here.
There is an empty arch of ancient stone here.
You see here a +0 war axe.
A giant cockroach comes into view.
A kobold comes into view. It is wielding a +0 dagger.
The kobold shouts!
A bat comes into view.
The giant cockroach closely misses you. The giant cockroach misses you.
The bat moves out of view.
You hit the giant cockroach.
The giant cockroach is almost dead.
The giant cockroach closely misses you.
You hit the giant cockroach but do no damage.
The giant cockroach is almost dead.
The giant cockroach barely misses you.
The giant cockroach completely misses you.
You hit the giant cockroach.
You kill the giant cockroach!
The kobold misses you.
You hit the kobold.
You kill the kobold!
You see here a +0 dagger.
You completely miss the bat. The bat hits you but does no damage.
You closely miss the bat. The bat hits you but does no damage.
The bat misses you. The bat hits you but does no damage.
You hit the bat.
The bat is severely wounded.
The bat hits you.
You barely miss the bat.
The bat is severely wounded.
The bat barely misses you. The bat hits you but does no damage.
You miss the bat.
The bat is severely wounded.
The bat closely misses you. The bat hits you but does no damage.
You closely miss the bat.
The bat is severely wounded.
The bat barely misses you.
You hit the bat.
You kill the bat!
No target in view!
No target in view!
You open the door.
There is an open door here.
Done exploring.
Unknown command.
Unknown command.
Done exploring.
(D) Dungeon
Where to? (? - help)
What level of the Dungeon? (default 1, ? - help)
There is a stone staircase leading down here.
You climb downwards.
Found a leather armour.
There is a stone staircase leading up here.
The endoplasm quivers.
An endoplasm is nearby!
The endoplasm closely misses you.
You hit the endoplasm but do no damage.
The endoplasm hits you but does no damage.
The endoplasm barely misses you.
You hit the endoplasm.
The endoplasm is heavily wounded.
The endoplasm closely misses you. The endoplasm misses you.
There is a stone staircase leading up here.
The endoplasm freezes you.
You are frozen.
You climb upwards.
There is a stone staircase leading down, spattered with blood here.
Unknown command.
You hit the endoplasm.
You kill the endoplasm!
No target in view!
No target in view!
You climb downwards.
The hobgoblin shouts!
The worm bites you.
There is a stone staircase leading up, spattered with blood here.
Unknown command.
The worm barely misses you.
You climb upwards.
There is a stone staircase leading down, spattered with blood here.
Unknown command.
You thump the worm!
The worm is heavily wounded.
You hit the worm.
The worm is severely wounded.
The worm closely misses you.
You hit the worm.
The worm is severely wounded.
The worm bites you but does no damage.
You sock the worm!
You kill the worm!
You have reached level 3!
Your experience leads to an increase in your attributes!
Increase (S)trength, (I)ntelligence, or (D)exterity?
You feel agile. x2
Unknown command.
You start resting.
HP restored.
You climb downwards.
The hobgoblin hits you. The hobgoblin completely misses you.
There is a stone staircase leading up, spattered with blood here.
Unknown command.
You barely miss the hobgoblin. The hobgoblin hits you.
You barely miss the hobgoblin.
The hobgoblin hits you but does no damage.
You hit the hobgoblin but do no damage. The hobgoblin hits you.
The hobgoblin barely misses you.
You hit the hobgoblin.
You kill the hobgoblin!
No target in view!
No target in view!
HP restored.
l - a scroll labelled WEREXK XIRUZAO You see here a hobgoblin corpse.
A hobgoblin comes into view.
A hobgoblin is nearby!
A worm comes into view.
Found an escape hatch in the floor.
The hobgoblin shouts!
The hobgoblin hits you.
You hit the hobgoblin.
The hobgoblin is lightly wounded.
The hobgoblin hits you.
You hit the hobgoblin.
The hobgoblin is almost dead.
A ball python comes into view.
The hobgoblin closely misses you. The worm bites you. The hobgoblin misses you.
You completely miss the hobgoblin.
The hobgoblin is almost dead.
The hobgoblin misses you. The worm barely misses you.
The ball python hisses angrily.
You hit the hobgoblin.
You kill the hobgoblin!
Unknown command.
You hit the worm.
The worm is lightly wounded.
The ball python closely misses you. The ball python misses you.
The worm bites you! The ball python barely misses you.
The ball python grabs you. The ball python constricts you.
You are too injured to fight recklessly!
Unknown command.
You barely miss the worm.
The worm is lightly wounded.
The ball python bites you but does no damage.
The ball python constricts you. The worm bites you but does no damage.
You hit the worm.
The worm is lightly wounded.
The ball python bites you but does no damage.
The ball python constricts you. The worm completely misses you.
The ball python bites you but does no damage.
The ball python constricts you.
Unknown command.
You barely miss the ball python.
The ball python bites you but does no damage.
The ball python constricts you. The worm bites you.
Unknown command.
You closely miss the ball python. The ball python bites you.
* * * LOW HITPOINT WARNING * * *
The ball python constricts you. The ball python barely misses you.
The ball python constricts you.
* * * LOW HITPOINT WARNING * * *
Unknown command.
Aiming: Throw Flame
Press: ? - help, Q - select action, (/) - cycle Shift-Dir - straight line, f - ball python
Aim: a ball python (constricting you, 68% to hit)
The puff of flame hits the ball python!
You kill the ball python!
The worm bites you but does no damage.
Unknown command.
Aiming: Throw Flame
Press: ? - help, Q - select action, (/) - cycle Shift-Dir - straight line, f - worm
Aim: a worm (90% to hit)
The puff of flame hits the worm!
The worm is heavily wounded.
The worm barely misses you.
Unknown command.
Aiming: Throw Flame
Press: ? - help, Q - select action, (/) - cycle Shift-Dir - straight line, f/p - worm
Aim: a worm (moderately wounded, 90% to hit)
The puff of flame hits the worm.
The worm is heavily wounded.
Unknown command.
You hit the worm.
The worm is severely wounded.
The worm bites you.
* * * LOW HITPOINT WARNING * * *
Aiming: Throw Flame
Press: ? - help, Q - select action, (/) - cycle Shift-Dir - straight line, f/p - worm
Aim: a worm (severely wounded, 90% to hit)
The puff of flame hits the worm!
You kill the worm!
Unknown command.
You start resting.
Magic restored.
You start resting.
HP restored.
There is an escape hatch in the floor here.
m - a scroll labelled MADARI LOZA
Found 7 stones.
n - a grey potion You see here 7 stones.
Found a mace.
A bat comes into view.
A frilled lizard comes into view.
The bat completely misses you.
The frilled lizard hisses angrily.
The bat barely misses you.
You barely miss the bat. The bat hits you. The bat closely misses you.
The bat hits you.
You barely miss the frilled lizard. The bat hits you.
The frilled lizard bites you. The bat barely misses you.
The frilled lizard bites you.
You hit the bat.
The bat is severely wounded.
The bat hits you. The frilled lizard barely misses you.
You closely miss the bat.
The bat is severely wounded.
The bat hits you but does no damage. The frilled lizard misses you.
You hit the bat.
You kill the bat!
The frilled lizard bites you but does no damage.
The frilled lizard barely misses you.
You closely miss the frilled lizard. The frilled lizard barely misses you.
You hit the frilled lizard.
You kill the frilled lizard!
No target in view!
No target in view!
o - a sedimented ruby potion Key pressed, stopping explore.
Found a stone staircase leading up.
Found a stone staircase leading down.
Found 2 boomerangs.
Found an escape hatch in the ceiling.
There is a stone staircase leading up here.
Found a stone staircase leading down.
There is a stone staircase leading down here.
An adder comes into view.
The adder hisses angrily.
There is a stone staircase leading down here.
There is a stone staircase leading up here.
You climb upwards.
There is a stone staircase leading down here.
There is a stone staircase leading down, spattered with blood here.
Saving game... please wait.
Welcome back, senlim the Demonspawn Artificer.
Press ? for a list of commands and other information.
Done exploring.
You climb downwards.
There is a stone staircase leading up, spattered with blood here.
Unknown command.
You see here a +0 leather armour.
You now have 48 gold pieces (gained 13).
p - a scroll labelled TEJ JOUPIWORU
q - a scroll labelled URPHUN HIMOPLONK An adder is nearby!
The adder hisses angrily.
You see here 12 gold pieces.
You hit the adder.
The adder is moderately wounded.
The adder bites you. x2
You hit the adder.
The adder is heavily wounded.
The adder misses you. The adder barely misses you.
You miss the adder.
The adder is heavily wounded.
The adder bites you but does no damage.
You miss the adder.
The adder is heavily wounded.
The adder completely misses you. The adder barely misses you.
You closely miss the adder.
The adder is heavily wounded.
The adder closely misses you. The adder bites you.
You are poisoned.
The adder poisons you!
You hit the adder.
The adder is severely wounded.
You feel very sick. The adder bites you but does no damage.
Unknown command.
You barely miss the adder.
The adder is severely wounded.
You feel sick. The adder bites you. The adder barely misses you.
Unknown command.
You hit the adder.
The adder is almost dead.
You feel sick. The adder bites you but does no damage.
The adder closely misses you.
Unknown command.
You barely miss the adder.
The adder is almost dead.
You feel sick. The adder bites you. The adder closely misses you.
Unknown command.
You sock the adder!
You kill the adder!
You feel sick.
You are no longer poisoned.
Unknown command.
You now have 60 gold pieces (gained 12).
Magic restored.
HP restored.
A bat comes into view.
The bat barely misses you.
You closely miss the bat. The bat misses you. The bat barely misses you.
The bat hits you but does no damage.
You hit the bat.
You kill the bat!
No target in view!
No target in view!
r - 2 scrolls labelled KASTRI MAME
Found a stone staircase leading down.
A bat comes into view.
A bat is nearby!
Found 8 stones.
The helpless bat fails to defend itself.
You hit the bat.
You kill the bat!
No target in view!
No target in view!
o - 2 sedimented ruby potions (gained 1) Done exploring.
Done exploring.
You see here 2 boomerangs.
There is an escape hatch in the ceiling here.
A mysterious force pulls you upwards. The hatch slams shut behind you.
There is a stone staircase leading down here.
You climb downwards.
There is a stone staircase leading up here.
Done exploring.
Done exploring.
There is a stone staircase leading down here.
You climb downwards.
There is a stone staircase leading up here.
s - a black potion
p - 2 scrolls labelled TEJ JOUPIWORU (gained 1)
An adder comes into view.
The adder hisses angrily.
An adder is nearby!
Found a stone staircase leading down.
You barely miss the adder. The adder bites you but does no damage.
The adder closely misses you.
You hit the adder.
The adder is heavily wounded.
The adder bites you.
You are poisoned.
The adder poisons you!
You closely miss the adder.
The adder is heavily wounded.
You feel very sick. The adder barely misses you. x2
You closely miss the adder.
The adder is heavily wounded.
You feel sick. The adder barely misses you.
The adder bites you but does no damage.
You closely miss the adder.
The adder is heavily wounded.
You feel sick. The adder bites you but does no damage.
You barely miss the adder.
The adder is heavily wounded.
You feel sick. The adder barely misses you. x2
You closely miss the adder.
The adder is heavily wounded.
You feel sick.
You are no longer poisoned.
The adder bites you. x2
You closely miss the adder.
The adder is heavily wounded.
The adder barely misses you.
You hit the adder.
The adder is severely wounded.
The adder closely misses you. The adder bites you.
You are poisoned.
The adder poisons you!
You are too injured to fight recklessly!
Unknown command.
Unknown command.
Aiming: Throw Flame
Press: ? - help, Q - select action, (/) - cycle Shift-Dir - straight line, f - adder
Aim: an adder (severely wounded, 53% to hit)
The puff of flame misses the adder.
You feel sick. The adder bites you.
You are more poisoned.
The adder poisons you!
Aiming: Throw Flame
Press: ? - help, Q - select action, (/) - cycle Shift-Dir - straight line, f/p - adder
Aim: an adder (severely wounded, 53% to hit)
The puff of flame misses the adder.
* * * LOW HITPOINT WARNING * * *
You feel sick. The adder bites you.
* * * LOW HITPOINT WARNING * * *
The adder barely misses you.
Aiming: Throw Flame
Press: ? - help, Q - select action, (/) - cycle Shift-Dir - straight line, f/p - adder
Aim: an adder (heavily wounded, 53% to hit)
The puff of flame misses the adder.
* * * LOW HITPOINT WARNING * * *
You feel sick. The adder bites you but does no damage.
Unknown command.
It was a potion of might.
You feel very mighty all of a sudden.
* * * LOW HITPOINT WARNING * * *
You feel sick. The adder bites you.
Aiming: Charm
Press: ? - help, Q - select action, (/) - cycle Shift-Dir - straight line, f/p - adder
Aim: an adder (heavily wounded, chance to affect: 66%)
The adder struggles to resist.
* * * LOW HITPOINT WARNING * * *
You feel sick. The adder closely misses you. The adder bites you.
* * * LOW HITPOINT WARNING * * *
Unknown command.
You are mighty.
You are lethally poisoned (3 -> 0).
Your movement speed is average.
Your attack delay is about 1.3.
Your damage rating with your +0 club is about 9 (Base 5 x 105% (Str) x 102% (Skill) + 4 (Slay)).
It was a potion of brilliance.
You feel clever all of a sudden.
* * * LOW HITPOINT WARNING * * *
You feel sick. The adder closely misses you.
It was a potion of degeneration.
There was something very wrong with that liquid.
You feel weakened.
You feel dopey.
You feel clumsy.
* * * LOW HITPOINT WARNING * * *
You feel sick. The adder misses you.
It was a potion of magic.
Magic courses through your body.
* * * LOW HITPOINT WARNING * * *
You feel sick. The adder bites you but does no damage.
You closely miss the adder.
The adder is heavily wounded.
You die...

##################
#................#
#.#############.##
#.# #.# #.# #.#
#.# #.# #@# #.#
.......S# #.#
........# #.#
........# #.#
........# #.#
........# #.#
........# #.#
..>.....# #.# #.#


You could see an adder.

Vanquished Creatures
  An adder (D:2)
  2 worms
  A dart slug (D:1)
  A ball python (D:2)
  4 endoplasms (D:1)
  3 giant cockroaches (D:1)
  A goblin (D:1)
  7 hobgoblins
  2 kobolds (D:1)
  4 bats
  2 frilled lizards
  A rat (D:1)
29 creatures vanquished.

Vanquished Creatures (collateral kills)
  An endoplasm (D:1)
1 creature vanquished.

Grand Total: 30 creatures vanquished

Notes
Turn   | Place    | Note
-------+----------+-------------------------------------------
     0 | D:1      | senlim the Demonspawn Artificer began the quest for the
                  | Orb.
     0 | D:1      | Reached XP level 1. HP: 15/15 MP: 1/1
    45 | D:1      | Reached skill level 1 in Dodging
    45 | D:1      | Reached skill level 1 in Stealth
   225 | D:1      | Gained mutation: Spells you cast may paralyse adjacent
                  | enemies. [demonic ancestry]
   225 | D:1      | Reached XP level 2. HP: 14/21 MP: 0/2
   748 | D:1      | Reached XP level 3. HP: 23/26 MP: 3/3
  1438 | D:3      | HP: 1/26 [poisoned by an adder]
  1439 | D:3      | Succumbed to an adder's poison

Illustrated notes

Levels and vault maps discovered:
D:1:      nzn_arrival_settlement, layout_basic, serial_glass, glass_columns_c,
          glass_columns_b, item_on_display_a
D:2:      layout_rooms
D:3:      layout_basic, minmay_cut_off

Skill      XL: |  1  2 |
---------------+-------+-----
Dodging        | 1 |  1.5
Stealth        | 1 |  1.6
Armour         | 2 |  2.2
Fighting       | |  1.6
Evocations     | |  3.3

Action                     || total
---------------------------++-------
  Melee: Club              ||   112
         Punch             ||     1
  Evoke: Wand              ||    13
    Use: Potion            ||     4
   Stab: Sleeping          ||     1
 Armour: Leather armour    ||    38
  Dodge: Dodged            ||    89

Table legend: (Time is in decaauts)
 A = Elapsed time spent in this place.
 B = Non-inter-level travel time spent in this place.
 C = Inter-level travel time spent in this place.
 D = Time resting spent in this place.
 E = Time spent auto-exploring this place.
 F = Levels seen in this place.
 G = Mean time per level.
                   A        B        C        D        E       F      G
               +--------+--------+--------+--------+--------+-----+--------+
         Total |   1474 |   1426 |     48 |    163 |    942 |   3 |  491.3 |
       Dungeon |   1474 |   1426 |     48 |    163 |    942 |   3 |  491.3 |
               +--------+--------+--------+--------+--------+-----+--------+

Top non-repeatable levels by time:
     D:1: 795 daAuts
     D:2: 524 daAuts
     D:3: 154 daAuts
